 Dungeon Crawl Stone Soup version 0.25-a0-577-ga4619f409e (webtiles) character file.

Game seed: 1336312938157086017, levelgen mode: deterministic

149 kae the Sneak (level 5, 0/52 HPs)
             Began as a Vampire Enchanter on Mar 2, 2020.
             Killed from afar by an orc wizard (9 damage)
             ... with a magic dart
             ... on level 3 of the Dungeon.
             The game lasted 00:01:56 (1714 turns).

kae the Sneak (Vampire Enchanter)                   Turns: 1714, Time: 00:01:57

Health: 0/52       AC:  3    Str:  8    XL:     5   Next: 9%
Magic:  0/9        EV: 12    Int: 18    God:
Gold:   112        SH:  0    Dex: 14    Spells: 3/9 levels left

rFire    . . .     SeeInvis +   f - +1 dagger (elec)
rCold    . . .     Gourm    .   (no shield)
rNeg     . . .     Faith    .   b - +0 robe
rPois    .         Spirit   .   (no helmet)
rElec    .         Reflect  .   j - +0 cloak
rCorr    .         Harm     .   (no gloves)
MR       .....                  (no boots)
Stlth    ..........             (no amulet)
HPRegen  0.37/turn              (no ring)
MPRegen  0.11/turn              (no ring)

@: berserking, very slightly contaminated, regenerating quickly, very quick
A: no food, fangs 3, see invisible, unbreathing
a: Exsanguinate


You were on level 3 of the Dungeon.
You were alive.

You visited 1 branch of the dungeon, and saw 3 of its levels.

You collected 112 gold pieces.

Inventory:

Hand Weapons
 a - a +1 dagger
 f - a +1 dagger of electrocution (weapon)
Armour
 b - a +0 robe (worn)
 j - a +0 cloak (worn)
Jewellery
 l - an uncursed ring of stealth {unknown}
Scrolls
 d - 2 scrolls of identify {unknown}
 e - a scroll of remove curse {unknown}
 h - 3 scrolls of teleportation {unknown}
 m - a scroll of immolation {unknown}
 n - a scroll of enchant weapon {unknown}
Potions
 g - 2 potions of curing {unknown}
 i - a potion of magic {unknown}
 k - a potion of heal wounds {unknown}
 o - a potion of cancellation {unknown}


   Skills:
 * Level 3.4 Short Blades
 - Level 2.1 Dodging
 + Level 5.6 Stealth
 + Level 2.7 Spellcasting
 + Level 5.4 Hexes


You had 3 spell levels left.
You knew the following spells:

 Your Spells              Type           Power        Failure   Level  Hunger
a - Corona                Hex            ###....      1%          1    N/A
b - Ensorcelled Hibernat  Hex/Ice        ##....       9%          2    N/A
c - Confusing Touch       Hex            ###.....     5%          3    N/A

Your spell library contained the following spells:

 Spells                   Type           Power        Failure   Level  Hunger
 Tukima's Dance           Hex            ###.....     5%          3    N/A
 Dazzling Flash           Conj/Hex       ##....       16%         3    N/A

Dungeon Overview and Level Annotations

Branches:
Dungeon (3/15)

Altars:
Fedhas
Qazlal

Annotations:
D:3 2 transporters, Tenz's ghost, amateur GrEE


Innate Abilities, Weirdness & Mutations

You do not eat.
Your natural rate of healing is unusually fast.
You have razor-sharp teeth.
You have supernaturally acute eyesight. (SInv)
You can survive without breathing.


Message History

The orc wizard resists with some effort.
The orc wizard hits you with a +0 dagger.
* * * LOW HITPOINT WARNING * * *
An ooze comes into view.
The orc wizard hits you with a +0 dagger.
* * * LOW HITPOINT WARNING * * *
Casting: Ensorcelled Hibernation (safe; 9% risk of failure)
Confirm with . or Enter, or press ? or * to list all spells.
You don't have enough magic to cast that spell.
It was a potion of berserk rage.
A red film seems to cover your vision as you go berserk!
You feel yourself moving faster!
You feel mighty!
The ooze quivers.
The orc wizard hits you with a +0 dagger.
* * * LOW HITPOINT WARNING * * *
You puncture the orc wizard! Your bite misses the orc wizard.
The orc wizard is severely wounded.
The orc wizard casts a spell at you. The magic dart hits you!
You die...

###### #...^# #....#
######### #....#
........# #....#
........# #....#
........###########....#
....J....o@.....†......#
.......(###########....#
.##.....(.....# ####.##
#.....or....# #..#
#...[....$..# ##.##
#...........# ##..##
..............
#######..).
###...........#
....WO#..##
#############
.#..#W#....


You could see an orc wizard and an ooze.

Vanquished Creatures
  An orc wizard (D:3)
  2 adders (D:3)
  3 gnolls (D:3)
  2 worms (D:3)
  3 dart slugs
  A leopard gecko (D:2)
  An orc (D:3)
  5 bats
  4 giant cockroaches
  10 goblins
  2 hobgoblins (D:1)
  4 jackals (D:3)
  3 quokkas
  4 frilled lizards
  6 kobolds
  10 rats
61 creatures vanquished.

Notes
Turn   | Place    | Note
-------+----------+-------------------------------------------
     0 | D:1      | kae the Vampire Enchanter began the quest for the Orb.
     0 | D:1      | Reached XP level 1. HP: 13/13 MP: 3/3
   171 | D:1      | Reached XP level 2. HP: 19/19 MP: 5/5
   965 | D:2      | Reached XP level 3. HP: 24/24 MP: 4/6
  1017 | D:2      | Reached skill level 5 in Hexes
  1059 | D:2      | Found a blossoming altar of Fedhas.
  1077 | D:2      | Found a stormy altar of Qazlal.
  1249 | D:3      | Reached skill level 5 in Stealth
  1349 | D:3      | Reached XP level 4. HP: 30/30 MP: 7/7
  1363 | D:3      | Found a transporter.
  1369 | D:3      | Found a transporter.
  1369 | D:3      | Noticed Tenz's ghost (amateur GrEE)
  1374 | D:3      | Learned a level 2 spell: Ensorcelled Hibernation
  1375 | D:3      | Identified the cursed +1 great mace of Irritation {venom,
                  | rC+ Str+3 Int+2}
  1375 | D:3      | Noticed an ogre
  1378 | D:3      | Learned a level 3 spell: Confusing Touch
  1708 | D:3      | Reached XP level 5. HP: 17/35 MP: 4/9
  1714 | D:3      | Killed from afar by an orc wizard

Levels and vault maps discovered:
D:1:      lemuel_arrival_lava_pool, layout_basic, minmay_misc_feat_enclosed
D:2:      layout_rooms, lemuel_round_altar, lemuel_doored_altar, first_ration
D:3:      cheibrodos_greedy_goblins, layout_basic, gammafunk_ghost_smash

Skill      XL: |  1  2  3  4 |
---------------+-------------+-----
Short Blades   | 2 3 |  3.4
Hexes          | 5 |  5.4
Stealth        | 5 |  5.6
Dodging        | |  2.1
Spellcasting   | |  2.7

Action                   |  1- 3 |  4- 6 || total
-------------------------+-------+-------++-------
Melee: Dagger            |   115 |    53 ||   168
       Bite              |     4 |     3 ||     7
 Cast: Corona            |    12 |     1 ||    13
       Ensorcelled Hiber |       |    12 ||    12
  Use: Potion            |       |     1 ||     1
 Stab: Sleeping          |     8 |     7 ||    15
Armor: Robe              |    21 |    15 ||    36
Dodge: Dodged            |    56 |    41 ||    97

Table legend:
 A = Non-vault XP
 B = Vault XP
 C = Vault XP percentage of total XP
 D = Non-vault monster count
 E = Vault monster count
 F = Vault count percentage of total count
                 A         B        C        D         E       F
            +---------+---------+-------+---------+---------+-------
      Total |     213 |       0 |   0.0 |      61 |       0 |   0.0
            +---------+---------+-------+---------+---------+-------
        D:1 |      32 |       0 |   0.0 |      20 |       0 |   0.0
        D:2 |      32 |       0 |   0.0 |      17 |       0 |   0.0
        D:3 |     149 |       0 |   0.0 |      24 |       0 |   0.0
            +---------+---------+-------+---------+---------+-------
